 Dungeon Crawl Stone Soup version 0.28.0-1-gb440e238dd (webtiles) character file.

Game seed: 7636150817405010716

1162 Kaptain the Digger (level 8, -1/48 HPs)
             Began as a Gargoyle Earth Elementalist on Feb 26, 2022.
             Slain by a black bear (8 damage)
             ... on level 7 of the Dungeon.
             The game lasted 00:13:04 (5360 turns).

Kaptain the Digger (Gargoyle Earth Elementalist)    Turns: 5360, Time: 00:13:05

Health: -1/48      AC: 15    Str: 12    XL:     8   Next: 39%
Magic:  6/14       EV: 12    Int: 18    God:
Gold:   274        SH:  0    Dex: 10    Spells: 11/15 levels left

rFire   + + +      SeeInvis +   o - +7 broad axe of Rirouf {freeze, *Noise Drain rF+++ SInv}
rCold   . . .      Faith    .   (no shield)
rNeg    + . .      Spirit   .   w - +0 leather armour
rPois   ∞          Reflect  .   d - +2 helmet
rElec   +          Harm     .   (no cloak)
rCorr   .          Rampage  .   a - +2 pair of gloves
Will    .....                   (no boots)
Stlth   ++........              (no amulet)
HPRegen 0.16/turn               v - ring of flight
MPRegen 0.14/turn               (no ring)

@: flying
A: sickness immunity, AC +5, negative energy resistance 1, electricity
resistance, torment resistance 1, petrification resistance
a: no special abilities


You were on level 7 of the Dungeon.
You visited 1 branch of the dungeon, and saw 7 of its levels.

You collected 274 gold pieces.

Inventory:

Hand Weapons
 g - a +0 dagger
 l - a +3 rapier of protection
 o - the +7 broad axe of Rirouf (weapon) {freeze, *Noise Drain rF+++ SInv}
   (You found it on level 7 of the Dungeon)

   It freezes those it strikes, dealing additional cold damage.
   It can also slow down cold-blooded creatures.
   rF:        It renders you almost immune to fire.
   SInv:      It lets you see invisible.
   *Noise:    It may make noises in combat.
   Drain:     It drains your maximum health when unequipped.
Missiles
 c - 25 stones
 f - 4 boomerangs
 i - 12 poisoned darts
 u - 2 javelins
Armour
 a - a +2 pair of gloves (worn)
 d - a +2 helmet (worn)
 w - a +0 leather armour (worn)
Magical Staves
 k - a staff of poison
Jewellery
 v - a ring of flight (left hand)
Wands
 n - a wand of flame (17)
Scrolls
 e - 3 scrolls of amnesia {unknown}
 h - 4 scrolls of teleportation {unknown}
 m - 6 scrolls of identify {unknown}
 p - a scroll of magic mapping
Potions
 b - a potion of heal wounds
 j - 2 potions of berserk rage {unknown}
 q - a potion of attraction {unknown}


   Skills:
 * Level 4.2 Fighting
 + Level 2.8 Armour
 + Level 2.7 Dodging
 + Level 4.1 Stealth
 * Level 4.2 Spellcasting
 * Level 4.3 Conjurations
 - Level 0.7 Transmutations
 * Level 6.1 Earth Magic


You had 11 spell levels left.
You knew the following spells:

 Your Spells              Type           Power      Damage    Failure   Level
a - Sandblast             Erth           50%        2d12      1%          1
b - Stone Arrow           Conj/Erth      44%        3d9       6%          3

Your spell library contained the following spells:

 Spells                   Type           Power      Damage    Failure   Level
 Magic Dart               Conj           76%        1d6       3%          1
 Searing Ray              Conj           38%        2d5       4%          2
 Passwall                 Tmut/Erth      13%        N/A       7%          2
 Animate Skeleton         Necr           6%         N/A       19%         1
 Pain                     Necr           12%        1d4       19%         1
 Petrify                  Tmut/Erth      16%        N/A       41%         4
 Confusing Touch          Hex            3%         N/A       50%         3
 Vampiric Draining        Necr           3%         2d6       50%         3
 Fulminant Prism          Conj/Hex       5%         3d7       58%         4
 Yara's Violent Unravell  Hex/Tmut       2%         3d3       99%         5
 Enfeeble                 Hex            1%         N/A       100%        7


Dungeon Overview and Level Annotations

Branches:
Dungeon (7/15)             Temple (0/1) D:6

Altars:

Shops:
D:3 [   D:5 *


Innate Abilities, Weirdness & Mutations

You are immune to sickness and miasma.
Your stone body is resilient. (AC +5)
You are immune to poison.
You resist negative energy. (rN+)
You are resistant to electric shocks. (rElec)
You are resistant to unholy torment.
You are immune to petrification.


Message History

The ice beast is heavily wounded.
The ice beast hits you but does no damage. x2
You slash the ice beast!
The ice beast is severely wounded.
The ice beast hits you but does no damage.
You closely miss the ice beast.
The ice beast is severely wounded.
You slash the black bear! You freeze the black bear.
Your broad axe of Rirouf yells in some weird language.
You hear a shout!
You hear an angry hiss.
You hear a shout!
The ice beast hits you but does no damage.
The black bear bites you but does no damage.
The black bear closely misses you.
The black bear claws you but does no damage.
The ice beast closely misses you.
The black bear bites you but does no damage.
The black bear claws you but does no damage. x2
You slash the ice beast!
You kill the ice beast!
You slash the black bear! You freeze the black bear.
A shadow imp comes into view.
The black bear bites you but does no damage.
The black bear claws you but does no damage. x2
The black bear goes berserk!
You hit the black bear but do no damage.
The black bear is severely wounded.
The black bear bites you! The black bear closely misses you. x2
The black bear bites you but does no damage.
The black bear barely misses you.
The black bear claws you but does no damage.
The shadow imp gestures at you. Pain shoots through your body!
You closely miss the black bear.
The black bear is severely wounded.
The black bear bites you!
* * * LOW HITPOINT WARNING * * *
The black bear closely misses you.
The black bear claws you but does no damage.
The black bear bites you!
You die...

#............
#..........(.#
#......5.....#
#............#
#..........#
..##..........##
...............#
..<..$.@.......#
.......h.......#
..............##
..............#
....$..........#
.............>.#
.....(.........#
...............#
..............#


You could see a black bear (berserk) and a shadow imp.

Vanquished Creatures
  A wyvern (D:7)
  A water moccasin (D:2)
  An ice beast (D:7)
  A necrophage (D:7)
  2 ogres
  2 bullfrogs
  A howler monkey (D:5)
  2 bullfrog skeletons
  A centaur skeleton (D:4)
  2 hounds
  An iguana (D:5)
  2 orc wizards
  6 gnolls
  3 adders (D:2)
  A howler monkey skeleton (D:5)
  A white imp (D:6)
  2 adder skeletons (D:4)
  3 worms (D:3)
  8 orcs
  6 endoplasms
  3 giant cockroaches
  A goblin (D:1)
  4 hobgoblins
  4 jackals
  5 kobolds
  3 quokkas (D:2)
  6 ball pythons
  4 bats
77 creatures vanquished.

Notes
Turn   | Place    | Note
-------+----------+-------------------------------------------
     0 | D:1      | Kaptain the Gargoyle Earth Elementalist began the quest for
                  | the Orb.
     0 | D:1      | Reached XP level 1. HP: 10/10 MP: 3/3
   151 | D:1      | Found a faded altar of an unknown god.
   621 | D:1      | Reached XP level 2. HP: 10/16 MP: 0/5
  1327 | D:2      | Reached XP level 3. HP: 20/20 MP: 4/6
  1331 | D:2      | Learned a level 3 spell: Stone Arrow
  1601 | D:2      | Reached skill level 1 in Conjurations
  1647 | D:2      | Reached skill level 1 in Fighting
  1878 | D:2      | Reached skill level 4 in Earth Magic
  2280 | D:3      | Found Egyi's Antique Armour Shoppe.
  2330 | D:3      | Reached XP level 4. HP: 11/25 MP: 4/7
  2587 | D:3      | Noticed a water moccasin
  2603 | D:2      | Killed a water moccasin
  2604 | D:2      | Reached skill level 1 in Armour
  2604 | D:2      | Reached XP level 5. HP: 19/30 MP: 1/9
  2955 | D:3      | Reached XP level 6. HP: 31/35 MP: 6/10
  4182 | D:5      | Entered Level 5 of the Dungeon
  4197 | D:5      | Reached skill level 5 in Earth Magic
  4231 | D:5      | Reached XP level 7. HP: 28/40 MP: 4/12
  4332 | D:5      | Found Gunleo's Assorted Antiques.
  5337 | D:6      | You are sucked into a shaft and drop 1 floor!
  5338 | D:7      | Identified the +7 broad axe of Rirouf {freeze, *Noise Drain
                  | rF+++ SInv}
  5344 | D:7      | Noticed a wyvern
  5350 | D:7      | Reached XP level 8. HP: 15/48 MP: 4/13
  5352 | D:7      | Killed a wyvern
  5353 | D:7      | Reached skill level 6 in Earth Magic
  5360 | D:7      | Slain by a black bear

Illustrated notes

Levels and vault maps discovered:
D:1:      dpeg_arrival_boxorama, layout_loops_corners,
          dreamdust_ecumenical_altar_statues, st_stairs_7, minmay_misc_feat_x
D:2:      layout_loops_corners
D:3:      cheibrodos_helix_gallery, layout_rooms, serial_shops, shop
D:4:      layout_loops_ring
D:5:      layout_cave_pods, serial_shops, nicolae_take_the_stairs,
          item_on_display_a
D:6:      layout_basic, temple_statues, portal_sewer_entry_e
D:7:      layout_gridville, uniq_duvessa, uniq_harold

Skill      XL: |  1  2  3  4  5  6  7  8 |
---------------+-------------------------+-----
Conjurations   | 1 2 3 4 |  4.3
Fighting       | 1 2 3 4 |  4.2
Earth Magic    | 4 5 6 |  6.1
Armour         | 1 2 |  2.8
Dodging        | 2 |  2.7
Stealth        | 3 4 |  4.1
Spellcasting   | 3 4 |  4.2
Transmutations | |  0.7

Action                   |  1- 3 |  4- 6 |  7- 9 || total
-------------------------+-------+-------+-------++-------
Melee: Dagger            |     7 |       |       ||     7
       Staff             |    21 |       |       ||    21
       Rapier            |    25 |    10 |    28 ||    63
       Broad axe         |       |       |    16 ||    16
 Cast: Sandblast         |    35 |    71 |    26 ||   132
       Stone Arrow       |       |       |     9 ||     9
  Use: Scroll            |       |       |     5 ||     5
       Potion            |       |       |     1 ||     1
 Stab: Sleeping          |     3 |     1 |       ||     4
Armor: Robe              |    29 |    18 |       ||    47
       Leather armour    |       |     2 |    53 ||    55
Dodge: Dodged            |    58 |    26 |    38 ||   122
